 Dungeon Crawl Stone Soup version 0.29.1-12-g30fa7ad0bf (webtiles) character file.

Game seed: 17093751396159513114

121 FaviusArthum the Conjurer (level 4, 0/24 HPs)
             Began as a Deep Elf Conjurer on Jan 10, 2023.
             Killed by nerve-wracking pain
             ... invoked by Grinder
              (4 damage)
             ... on level 3 of the Dungeon.
             The game lasted 00:25:37 (4677 turns).

FaviusArthum the Conjurer (Deep Elf Conjurer)       Turns: 4677, Time: 00:25:37

Health: 0/24       AC:  3    Str:  4    XL:     4   Next: 77%
Magic:  0/11       EV: 12    Int: 25    God:
Gold:   122        SH:  0    Dex: 13    Spells: 0/10 levels left

rFire   . . .      SeeInvis .   c - +2 spear (vorpal)
rCold   . . .      Faith    .   (no shield)
rNeg    . . .      Spirit   .   a - +0 robe
rPois   .          Reflect  .   (no helmet)
rElec   .          Harm     .   (no cloak)
rCorr   .          Rampage  .   (no gloves)
Will    .....                   j - +0 pair of boots
Stlth   ++........              (no amulet)
HPRegen 0.08/turn               (no ring)
MPRegen 0.12/turn               (no ring)

@: no status effects
A: no striking features
a: no special abilities


You were on level 3 of the Dungeon.
You visited 1 branch of the dungeon, and saw 3 of its levels.

You collected 122 gold pieces.

Inventory:

Hand Weapons
 c - a +2 vorpal spear (weapon)
Missiles
 e - 5 poisoned darts
 n - a silver boomerang
Armour
 a - a +0 robe (worn)
 j - a +0 pair of boots (worn)
Jewellery
 l - an amulet of guardian spirit
 q - a ring of protection from fire
Scrolls
 d - 2 scrolls of blinking {unknown}
 h - a scroll of teleportation
 i - a scroll of vulnerability
 m - a scroll of magic mapping {unknown}
 o - a scroll of enchant armour {unknown}
Potions
 b - a potion of magic
 f - a potion of degeneration {unknown}
 g - 2 potions of invisibility
 k - a potion of mutation {unknown}
 p - a potion of curing {unknown}
 r - 2 potions of might {unknown}


   Skills:
 + Level 0.2 Polearms
 + Level 3.0 Dodging
 + Level 3.4 Stealth
 + Level 3.9 Spellcasting
 + Level 5.7 Conjurations


You couldn't memorise any spells.
You knew the following spells:

 Your Spells              Type           Power      Damage    Failure   Level
a - Magic Dart            Conj           100%       1d8       1%          1
b - Searing Ray           Conj           66%        2d6       1%          2
c - Dazzling Flash        Conj/Hex       38%        N/A       9%          3
d - Fulminant Prism       Conj/Hex       9%         3d7       28%         4

Your spell library contained the following spells:

 Spells                   Type           Power      Damage    Failure   Level
 Iskenderun's Battlesphe  Conj           33%        2d9       24%         5
 Iskenderun's Mystic Bla  Conj/Tloc      19%        2d6       28%         4
 Fireball                 Conj/Fire      9%         3d6       61%         5
 Conjure Ball Lightning   Conj/Air       9%         3x3d6     99%         6
 Orb of Destruction       Conj           16%        9d7       100%        7


Dungeon Overview and Level Annotations

Branches:
Dungeon (3/15)

Altars:
Kikubaaqudgha
Makhleb
Yredelemnul

Shops:
D:3 [

Annotations:
D:3 2 transporters, Grinder, Menkaure


Message History

Press: ? - help, Shift-Dir - straight line, f/p - Grinder
Aim: Grinder (moderately wounded, 78% to hit)
The searing ray hits Grinder!
Grinder is heavily wounded. (Press . to maintain the ray.) Grinder gestures at you.
Pain shoots through your body! Grinder gestures at you.
You barely resist.
Casting: Searing Ray (safe; 1% risk of failure)
Confirm with . or Enter, or press ? or * to list all spells.
Aiming: Searing Ray (safe; 1% risk of failure)
Press: ? - help, Shift-Dir - straight line, f/p - Grinder
Aim: Grinder (heavily wounded, 78% to hit)
The searing ray hits Grinder.
Grinder is severely wounded. (Press . to maintain the ray.) Grinder blinks!
Casting: Searing Ray (safe; 1% risk of failure)
Confirm with . or Enter, or press ? or * to list all spells.
Restarting spell: Searing Ray (safe; 1% risk of failure)
Press: ? - help, Shift-Dir - straight line, f/p - Grinder
Aim: Grinder (severely wounded, 78% to hit)
The searing ray misses Grinder. (Press . to maintain the ray.)
Casting: Searing Ray (safe; 1% risk of failure)
Confirm with . or Enter, or press ? or * to list all spells.
Restarting spell: Searing Ray (safe; 1% risk of failure)
Press: ? - help, Shift-Dir - straight line, f/p - Grinder
Aim: Grinder (severely wounded, 78% to hit)
The searing ray hits Grinder.
Grinder is severely wounded. (Press . to maintain the ray.)
You closely miss Grinder.
Grinder is severely wounded.
Grinder hits you!
You writhe in agony.
* * * LOW HITPOINT WARNING * * *
Grinder gestures at you. Pain shoots through your body!
You die...

####### ......#
......####################
.......##....#............
.............#............
....##.##.....5.@.......... ..>
..#..#)#..#..#............. #..
..##.....##..######........####..
......_.......<# ######........
..##.....##...####### #........
..#..#.#..#......†..#####........
....##.##.....##))......#........
..............#.)♣♣♣♣♣♣.###......
.......#........♣♣ ♣÷♣..##.#####


You could see Grinder.

Vanquished Creatures
  An orc priest (D:3)
  3 adders
  A dart slug (D:1)
  7 orcs
  6 bats
  9 endoplasms
  2 giant cockroaches
  4 hobgoblins
  3 quokkas
  6 ball pythons
  4 frilled lizards
  A goblin (D:1)
  4 kobolds
  4 rats
55 creatures vanquished.

Notes
Turn   | Place    | Note
-------+----------+-------------------------------------------
     0 | D:1      | FaviusArthum the Deep Elf Conjurer began the quest for the
                  | Orb.
     0 | D:1      | Reached XP level 1. HP: 10/10 MP: 6/6
   287 | D:1      | Reached XP level 2. HP: 15/15 MP: 8/8
   290 | D:1      | Learned a level 2 spell: Searing Ray
  1216 | D:2      | Reached skill level 5 in Conjurations
  1216 | D:2      | Reached XP level 3. HP: 19/19 MP: 5/9
  3395 | D:2      | Reached XP level 4. HP: 24/24 MP: 6/11
  3409 | D:2      | Learned a level 3 spell: Dazzling Flash
  3414 | D:2      | Learned a level 4 spell: Fulminant Prism
  4062 | D:3      | Found an ancient bone altar of Kikubaaqudgha.
  4063 | D:3      | Found a transporter.
  4066 | D:3      | Noticed Menkaure
  4072 | D:3      | Found a basalt altar of Yredelemnul.
  4076 | D:3      | Found a transporter.
  4451 | D:3      | Found a burning altar of Makhleb.
  4511 | D:3      | Found Cybb's Antique Armour Emporium.
  4659 | D:3      | Noticed Grinder
  4663 | D:3      | Paralysed by Grinder for 4 turns
  4677 | D:3      | Killed from afar by Grinder

Illustrated notes

Levels and vault maps discovered:
D:1:      minmay_arrival_split_and_join, layout_basic, supply_closet_lemuel
D:2:      minmay_inner_zag, layout_basic
D:3:      layout_basic, mainiacjoe_overflow_small_starburst,
          gammafunk_temple_of_torment, dilly_ecumenical_altar_fadedgnrine,
          serial_shops, nicolae_diamond_shop, uniq_grinder

Skill      XL: |  1  2  3  4 |
---------------+-------------+-----
Conjurations   | 5 |  5.7
Stealth        | 3 |  3.4
Dodging        | 3 |  3.0
Polearms       | |  0.2
Spellcasting   | |  3.9

Action                   |  1- 3 |  4- 6 || total
-------------------------+-------+-------++-------
Melee: Spear             |    18 |     9 ||    27
 Cast: Magic Dart        |    66 |     4 ||    70
       Searing Ray       |     5 |    19 ||    24
       Dazzling Flash    |       |     1 ||     1
  Use: Scroll            |     2 |     1 ||     3
 Stab: Sleeping          |     1 |       ||     1
Armor: Robe              |     9 |     2 ||    11
Dodge: Dodged            |    35 |     8 ||    43
